 Dungeon Crawl Stone Soup version 0.18.1-5-g4a78601 (webtiles) character file.

674 epen the Cudgeler (level 7, -2/41 HPs)
             Began as a Gargoyle Gladiator on May 14, 2016.
             Was a Follower of Okawaru.
             Killed by divine providence
             ... invoked by an orc priest
              (11 damage)
             ... on level 5 of the Dungeon.
             The game lasted 00:08:43 (5374 turns).

epen the Cudgeler (Gargoyle Gladiator)              Turns: 5374, Time: 00:08:44

Health: -2/41      AC: 21    Str: 21    XL:     7   Next: 59%
Magic:  6/8        EV: 13    Int:  8    God:    Okawaru [*.....]
Gold:   242        SH:  5    Dex: 10    Spells: 0 memorised, 6 levels left

rFire  + + .     SeeInvis .     g - +0 mace (drain)
rCold  x . .     Gourm    .     s - +0 fire dragon armour
rNeg   + . .     Faith    .     l - +0 buckler
rPois  ∞         Spirit   .     o - +2 helmet
rElec  +         Dismiss  .     G - +0 cloak
rCorr  .         Reflect  .     (no gloves)
SustAt .         Harm     .     h - +0 pair of boots
MR     .....                    (no amulet)
Stlth  +.........               (no ring)
                                (no ring)

@: heroism, not resistant to hostile enchantments, very unstealthy
A: negative energy resistance 1, electricity resistance, unbreathing,
petrification resistance, rot immunity, AC +4
a: Heroism, Renounce Religion


You were on level 5 of the Dungeon.
You worshipped Okawaru.
Okawaru was aware of your devotion.
You were not hungry.

You visited 2 branches of the dungeon, and saw 6 of its levels.

You collected 242 gold pieces.

Inventory:

Hand Weapons
 a - a +0 flail
 g - a +0 mace of draining (weapon)
 F - a cursed -3 mace
Missiles
 d - 3 throwing nets (quivered)
Armour
 b - a +0 leather armour
 c - a +0 helmet
 h - a +0 pair of boots (worn)
 l - a +0 buckler (worn)
 o - a +2 helmet (worn)
 s - a +0 fire dragon armour (worn)
 z - a +0 ring mail
 G - a +0 cloak (worn)
Jewellery
 x - an uncursed ring of positive energy {unknown}
 y - an uncursed ring of fire
Wands
 w - a wand of teleportation (1/9)
Scrolls
 t - a scroll of remove curse
Potions
 i - a potion of lignification
 j - a potion of cancellation {unknown}
 k - a potion of curing {unknown}
 q - a potion of haste
 r - a potion of brilliance {unknown}
 v - a potion of cure mutation {unknown}
 A - 2 potions of might {unknown}
 B - a potion of berserk rage {unknown}
 C - a potion of resistance
 D - a potion of flight {unknown}
 E - a potion of mutation {unknown}
 I - a potion of heal wounds
Books
 e - a book of Enchantments

   Spells                             Type                      Level
   a - Cause Fear                     Hexes                        4
   b - Yara's Violent Unravelling     Hexes/Transmutation          5
   c - Silence                        Hexes/Air                    5
   d - Deflect Missiles               Charms/Air                   6
   e - Haste                          Charms                       6
   f - Discord                        Hexes                        8
Comestibles
 f - 2 bread rations
 m - a slice of pizza
 n - a fruit
 p - 2 meat rations
 u - a royal jelly
 H - 3 chunks of flesh


   Skills:
 + Level 3.6(8.6) Fighting
 * Level 5.3(10.3) Maces & Flails
 - Level 1.7(6.7) Throwing
 + Level 2.7(7.7) Armour
 * Level 4.2(9.2) Dodging
 + Level 2.5(7.5) Shields
 * Level 2.2 Invocations


You had 6 spell levels left.
You didn't know any spells.

Dungeon Overview and Level Annotations

Branches:
Dungeon (5/15)             Temple (1/1) D:4

Altars:
Cheibriados
Dithmenos
Elyvilon
Fedhas
Makhleb
Nemelex Xobeh
Okawaru
Pakellas
Qazlal
Ru
Sif Muna
Yredelemnul
The Shining One

Annotations:
D:2 Grinder


Innate Abilities, Weirdness & Mutations

You are resistant to torment.
Your stone body is resilient (AC +4).
You are immune to poison.
You resist negative energy.
You are resistant to electric shocks.
You can survive without breathing.
You are immune to petrification.
You are immune to rotting.


Message History

The orc priest hits you but does no damage.
You closely miss the orc priest.
The orc priest is almost dead.
The orc priest hits you but does no damage.
You completely miss the orc priest.
The orc priest is almost dead.
The orc priest casts a cantrip, but nothing happens.
The orc priest hits you with a flail.
* * * LOW HITPOINT WARNING * * *
You gain the combat prowess of a mighty hero.
You feel slightly more hungry.
The orc priest miscasts a cantrip.
The orc priest hits you but does no damage.
Unknown command.
You hit the orc priest.
You kill the orc priest!
Okawaru accepts your kill.
The orc priest invokes the aid of Beogh against you.
Beogh smites you!
You die...

#.# #.#### #>##..
#.##.# #.##.# #o##.#
#)##.#############
#@##...)(...((....
#.#).#..############
#.......# ####.#.##
#.#.# #.#.# #.#.#
#.#.# #.#..


You could see an orc priest.

Vanquished Creatures
  A centaur (D:5)
  A jelly (D:4)
  Crazy Yiuf (D:4)
  4 orc priests
  4 orc wizards
  Natasha (thrice) (D:3)
  An iguana (D:4)
  A worker ant (D:5)
  Robin (D:3)
  A gnoll (D:2)
  An ooze (D:2)
  2 worms
  4 dart slugs
  3 giant geckos
  16 orcs
  8 giant cockroaches
  12 goblins
  9 hobgoblins
  2 jackals (D:1)
  A ball python (D:2)
  10 bats
  A giant gecko skeleton (D:4)
  6 giant newts
  11 kobolds
  9 rats
113 creatures vanquished.

Notes
Turn   | Place    | Note
--------------------------------------------------------------
     0 | D:1      | epen the Gargoyle Gladiator began the quest for the Orb.
     0 | D:1      | Reached XP level 1. HP: 12/12 MP: 1/1
   105 | D:1      | Reached XP level 2. HP: 13/17 MP: 2/2
   453 | D:1      | Reached XP level 3. HP: 20/22 MP: 3/3
   805 | D:2      | Found a sparkling altar of Nemelex Xobeh.
  1996 | D:3      | Reached XP level 4. HP: 24/27 MP: 4/4
  2070 | D:3      | Noticed Grinder
  2111 | D:2      | Paralysed by Grinder for 2 turns
  2121 | D:2      | Paralysed by Grinder for 6 turns
  2155 | D:3      | Reached skill level 1 in Armour
  2413 | D:3      | Noticed Robin
  2419 | D:3      | Noticed Natasha
  2781 | D:2      | Reached skill level 4 in Maces & Flails
  3356 | D:4      | Reached skill level 1 in Shields
  3356 | D:4      | Reached XP level 5. HP: 30/32 MP: 5/5
  3388 | D:3      | Killed Natasha
  3406 | D:3      | Killed Robin
  3421 | D:3      | Noticed Natasha
  3424 | D:3      | Killed Natasha
  3428 | D:3      | Noticed Natasha
  3433 | D:3      | Killed Natasha
  3433 | D:3      | Reached XP level 6. HP: 32/37 MP: 6/6
  3827 | D:4      | Found a staircase to the Ecumenical Temple.
  3861 | Temple   | Entered the Ecumenical Temple
  3922 | Temple   | Became a worshipper of Warmaster Okawaru
  4770 | D:4      | Reached skill level 1 in Invocations
  4802 | D:4      | Noticed Crazy Yiuf
  4810 | D:4      | Killed Crazy Yiuf
  4810 | D:4      | Reached skill level 5 in Maces & Flails
  4810 | D:4      | Reached XP level 7. HP: 34/41 MP: 7/7
  4865 | D:4      | Found a sacrificial altar of Ru.
  5119 | D:5      | Entered Level 5 of the Dungeon
  5266 | D:5      | Reached * piety under Okawaru
  5374 | D:5      | Killed from afar by an orc priest

Skill      XL: |  1  2  3  4  5  6  7 |
---------------+----------------------+-----
Dodging        | 3 4 |  4.2
Armour         | 1 2 |  2.7
Maces & Flails | 4 5 |  5.3
Shields        | 1 2 |  2.5
Fighting       | 3 |  3.6
Invocations    | 1 2 |  2.2
Throwing       | |  1.7

Action                   |  1- 3 |  4- 6 |  7- 9 || total
-------------------------+-------+-------+-------++-------
Melee: Flail             |   129 |    70 |       ||   199
       Mace              |       |   122 |    57 ||   179
       Unarmed           |       |     4 |       ||     4
Invok: Heroism           |       |       |     1 ||     1
Evoke: Wand              |       |     1 |       ||     1
  Use: Scroll            |       |     7 |     1 ||     8
       Potion            |       |     1 |       ||     1
  Eat: Chunk             |     2 |     7 |     1 ||    10
       Bread ration      |       |     1 |       ||     1
Armor: Leather armour    |    49 |       |       ||    49
       Ring mail         |     4 |   109 |       ||   113
       Skin              |       |     3 |       ||     3
       Fire dragon armou |       |       |    31 ||    31
Dodge: Dodged            |    98 |   121 |    18 ||   237
Block: Buckler           |     5 |    26 |     2 ||    33
